 Dungeon Crawl Stone Soup version 0.29-a0-43-g62a80824bf (webtiles) character file.

Game seed: 15586586835377011777

3761 testman the Fighter (level 9, 0/83 HPs)
             Began as a Palentonga Fighter on Feb 2, 2022.
             Was a High Priest of Ignis.
             Shot with an arrow by a centaur (12 damage)
             ... on level 8 of the Dungeon.
             The game lasted 00:20:52 (8263 turns).

testman the Fighter (Palentonga Fighter)            Turns: 8263, Time: 00:20:53

Health: 0/83       AC: 19    Str: 23    XL:     9   Next: 94%
Magic:  9/9        EV:  5    Int:  9    God:    Ignis [*****.]
Gold:   253        SH:  5    Dex: 17    Spells: 8/8 levels left

rFire   + . .      SeeInvis +   a - +0 war axe
rCold   . . .      Faith    .   c - +0 buckler
rNeg    . . .      Spirit   .   m - +7 chain mail "Tubrokh" {Harm Rampage Dex+7 Stlth-}
rPois   .          Reflect  .   (no helmet)
rElec   .          Harm     +   (no cloak)
rCorr   .          Rampage  +   o - +1 pair of gloves {hurl}
Will    .....                   (no barding)
Stlth   ..........              B - amulet of regeneration
HPRegen 1.03/turn               (no ring)
MPRegen 0.11/turn               (no ring)

@: corroded, curled up
A: large, rugged brown scales 3, see invisible, deformed body, roll 1, armoured
tail, reflexive curl
a: Rolling Charge, Renounce Religion, Fiery Armour, Foxfire Swarm, Rising Flame


You were on level 8 of the Dungeon.
You worshipped Ignis.
Ignis was extremely pleased with you.
You visited 1 branch of the dungeon, and saw 8 of its levels.

You collected 403 gold pieces.
You spent 150 gold pieces at shops.

Inventory:

Hand Weapons
 a - a +0 war axe (weapon)
Missiles
 e - 191 stones
 n - 11 poisoned darts
 r - 3 boomerangs of dispersal
 C - 2 throwing nets
Armour
 c - a +0 buckler (worn)
 m - the +7 chain mail "Tubrokh" (worn) {Harm Rampage Dex+7 Stlth-}
   (You found it on level 4 of the Dungeon)

   Dex:       It affects your dexterity (+7).
   Harm:      It increases damage dealt and taken.
   Rampage:   It bestows one free step when moving towards enemies.
   Stlth:     It makes you less stealthy.
 o - a +1 pair of gloves of hurling (worn)
Jewellery
 B - an amulet of regeneration (around neck)
Wands
 s - a wand of mindburst (15)
 A - a wand of iceblast (4)
Scrolls
 f - 4 scrolls of teleportation {unknown}
 h - 2 scrolls of noise {unknown}
 i - a scroll of blinking {unknown}
 l - a scroll of fog {unknown}
 q - a scroll of summoning {unknown}
 u - a scroll of acquirement {unknown}
 w - 2 scrolls of holy word {unknown}
 x - a scroll of enchant weapon {unknown}
 y - a scroll of enchant armour {unknown}
Potions
 d - 2 potions of might
 g - 2 potions of heal wounds
 j - 2 potions of curing
 k - 2 potions of lignification
 p - 2 potions of ambrosia
 t - a potion of cancellation
 v - 2 potions of haste
 z - 2 potions of mutation


   Skills:
 + Level 10.2 Fighting
 + Level 10.0 Axes
 - Level 2.4 Armour
 - Level 4.0 Shields


You had 8 spell levels left.
You didn't know any spells.
Your spell library contained the following spells:

 Spells                   Type           Power      Damage    Failure   Level
 Magic Dart               Conj           0%         1d3       99%         1
 Sandblast                Erth           0%         2d4       99%         1
 Summon Small Mammal      Summ           0%         N/A       99%         1
 Passwall                 Tmut/Erth      0%         N/A       99%         2
 Searing Ray              Conj           0%         2d4       99%         2
 Sublimation of Blood     Necr           0%         N/A       99%         2
 Wereblood                Tmut           0%         N/A       99%         2
 Call Canine Familiar     Summ           0%         N/A       100%        3
 Stone Arrow              Conj/Erth      0%         3d7       100%        3
 Summon Guardian Golem    Hex/Summ       0%         N/A       100%        3
 Fulminant Prism          Conj/Hex       0%         3d6       100%        4
 Fireball                 Conj/Fire      0%         3d3       100%        5
 Iskenderun's Battlesphe  Conj           0%         2d6       100%        5
 Conjure Ball Lightning   Conj/Air       0%         3x3d6     100%        6
 Orb of Destruction       Conj           0%         9d5       100%        7
 Summon Hydra             Summ           0%         N/A       100%        7


Dungeon Overview and Level Annotations

Branches:
Dungeon (8/15)             Temple (0/1) D:4
   Lair: D:8-11

Altars:
Cheibriados
Fedhas
Kikubaaqudgha
Sif Muna
Wu Jian
Ignis

Shops:
D:6 [


Innate Abilities, Weirdness & Mutations

You are completely covered in rugged brown scales. (AC +3, +7% HP)
You have supernaturally acute eyesight. (SInv)
Armour fits poorly on your strangely shaped body.
You can roll at nearby foes to attack.
You have a long armoured tail.
You curl defensively after being hit. (AC +7*)


Message History

The wight is heavily damaged.
You block the wight's attack.
You slash the wight!
You destroy the wight!
The centaur wields a +0 shortbow.
The centaur shoots an arrow.
The arrow hits you!
The centaur shoots an arrow.
The arrow hits you!
You slash the jelly! The acid corrodes you!
Your hands burn!
The jelly is severely wounded.
The centaur shoots an arrow.
The arrow hits you.
You slash the two-headed ogre!
The two-headed ogre is moderately wounded.
The centaur shoots an arrow.
The arrow hits you! You block the two-headed ogre's attack.
The two-headed ogre hits you with a +0 giant club!
You slash the two-headed ogre!
The two-headed ogre is heavily wounded.
You slash the jelly!
You kill the jelly!
The centaur shoots an arrow.
The arrow completely misses you.
The centaur shoots an arrow.
The arrow hits you but does no damage.
You slash the two-headed ogre!
The two-headed ogre is almost dead.
The centaur shoots an arrow.
The arrow hits you!
The two-headed ogre hits you but does no damage.
You block the two-headed ogre's attack.
You hit the two-headed ogre.
The two-headed ogre is almost dead.
The centaur shoots an arrow.
The arrow hits you but does no damage. You block the two-headed ogre's attack.
The two-headed ogre hits you with a +0 giant club!!
* * * LOW HITPOINT WARNING * * *
The centaur shoots an arrow.
You block the arrow.
Okay, then.
Okay, then.
You feel much better.
The centaur shoots an arrow.
The arrow hits you.
The two-headed ogre hits you with a +0 giant club.
The two-headed ogre hits you with a +0 giant club!!
* * * LOW HITPOINT WARNING * * *
The centaur shoots an arrow.
The arrow hits you!
You die...

#.# #..... #.#
####...... #.#
......... #<#
.......######)#####
..........).)...#
#.........<....#
#..............#
#######..@...........#
......)..............#
^.....).O............#
.....c...#############
.........# .........#
.........# .........#
.........#


You could see a two-headed ogre and a centaur.

Vanquished Creatures
  Maggie (D:6)
  Grinder (D:6)
  Sigmund (D:4)
  2 vampire mosquitoes (D:6)
  Menkaure (D:6)
  2 water moccasins (D:7)
  Duvessa (D:5)
  2 hornet zombies
  3 ice beasts
  An orc warrior (D:7)
  2 necrophages
  2 ogres (D:5)
  A phantom (D:5)
  A kobold brigand (D:8)
  A bullfrog (D:4)
  A scorpion (D:6)
  A water moccasin zombie (D:5)
  A wyvern skeleton (D:7)
  Dowan (D:5)
  3 wights (D:8)
  6 killer bees (D:7)
  A bullfrog zombie (D:6)
  2 centaur zombies
  4 hounds
  A jelly (D:8)
  5 orc priests
  2 iguanas (D:7)
  3 orc wizards
  A howler monkey zombie (D:5)
  A howler monkey skeleton (D:5)
  6 gnolls
  3 adders
  2 ufetubi
  A dart slug (D:4)
  12 orcs
  4 bats
  6 endoplasms
  7 giant cockroaches
  3 goblins
  6 hobgoblins
  7 jackals
  13 kobolds
  3 quokkas
  4 ball pythons
  3 frilled lizards (D:1)
  5 rats
140 creatures vanquished.

Vanquished Creatures (others)
  4 plants (D:3)
4 creatures vanquished.

Grand Total: 144 creatures vanquished

Notes
Turn   | Place    | Note
-------+----------+-------------------------------------------
     0 | D:1      | testman the Palentonga Fighter began the quest for the Orb.
     0 | D:1      | Reached XP level 1. HP: 19/19 MP: 1/1
   165 | D:1      | Reached XP level 2. HP: 25/25 MP: 2/2
   180 | D:1      | Found a faded altar of an unknown god.
   199 | D:1      | Prayed at the altar of an unknown god.
   199 | D:1      | Became a worshipper of Ignis, the Dying Flame
   747 | D:1      | Reached XP level 3. HP: 27/31 MP: 3/3
  1392 | D:2      | Found a snail-covered altar of Cheibriados.
  1947 | D:3      | Reached XP level 4. HP: 22/39 MP: 4/4
  3121 | D:4      | Noticed Sigmund
  3128 | D:4      | Killed Sigmund
  3129 | D:4      | Reached skill level 5 in Fighting
  3129 | D:4      | Reached XP level 5. HP: 41/47 MP: 5/5
  3129 | D:4      | Reached XP level 6. HP: 47/54 MP: 6/6
  3303 | D:4      | Identified the +7 chain mail "Tubrokh" {Harm Rampage Dex+7
                  | Stlth-}
  3451 | D:4      | Found a staircase to the Ecumenical Temple.
  3832 | D:4      | Reached skill level 5 in Axes
  4325 | D:5      | Entered Level 5 of the Dungeon
  4478 | D:5      | Gained mutation: You curl defensively after being hit. (AC
                  | +7*) [Palentonga growth]
  4478 | D:5      | Reached XP level 7. HP: 47/60 MP: 7/7
  4834 | D:5      | Noticed Dowan
  4835 | D:5      | Noticed Duvessa
  4845 | D:5      | Killed Duvessa
  4849 | D:5      | Killed Dowan
  4939 | D:5      | Reached XP level 8. HP: 50/69 MP: 8/8
  5474 | D:6      | Noticed Grinder
  5475 | D:6      | Found Bemy's Antique Armour Shop.
  5479 | D:6      | Found a shimmering blue altar of Sif Muna.
  5485 | D:6      | Paralysed by Grinder for 7 turns
  5496 | D:6      | Killed Grinder
  5735 | D:6      | Noticed Menkaure
  5946 | D:6      | Killed Menkaure
  6152 | D:6      | Bought a pair of embroidered gloves for 150 gold pieces
  6266 | D:6      | Reached XP level 9. HP: 80/80 MP: 9/9
  6670 | D:6      | Found an ornate altar of the Wu Jian Council.
  6730 | D:6      | Noticed Maggie
  6737 | D:6      | Killed Maggie
  6993 | D:7      | HP: 4/81 [poisoned by a killer bee]
  7940 | D:7      | Found a blossoming altar of Fedhas.
  7967 | D:7      | Reached skill level 10 in Fighting
  8116 | D:7      | Found a blossoming altar of Fedhas.
  8116 | D:7      | Found an ancient bone altar of Kikubaaqudgha.
  8249 | D:8      | Reached skill level 10 in Axes
  8251 | D:8      | Noticed a two-headed ogre
  8263 | D:8      | Shot with an arrow by a centaur

Illustrated notes

Levels and vault maps discovered:
D:1:      dpeg_arrival_round_a, layout_basic,
          hellmonk_ecumenical_altar_inner_sanctum,
          ebering_dispersal_statue_hall, hangedman_feature_mirror,
          chequers_serial_rivers_large_b
D:2:      layout_loops_cross, basic_altar
D:3:      layout_basic, serial_forest, infiniplex_forest_lined_ring,
          infiniplex_forest_zigzag_1, infiniplex_forest_diagonal,
          infiniplex_forest_straight_2, infiniplex_forest_corner_1,
          infiniplex_forest_end_3, minmay_crystal_water
D:4:      layout_cave_pods, minmay_temple_entry_mist, abandoned_shop,
          lemuel_flame_loot_1, uniq_sigmund
D:5:      layout_basic, serial_curves, eino_curves_03, eino_curves_02,
          hex_large, serial_bayou_crossing, uniq_duvessa
D:6:      layout_rooms, nicolae_sif_muna_condensation, lemuel_doored_altar,
          serial_shops, nicolae_shop_hallway_stairs, roderic_lattice_a,
          kennysheep_generic_room_6, uniq_grinder, uniq_maggie, uniq_menkaure
D:7:      layout_basic, grunt_temple_overflow_growth_and_decay,
          palyth_stone_intersect, kennysheep_small_circle
D:8:      layout_basic, nemelex_diamond_rough_becter

Skill      XL: |  1  2  3  4  5  6  7  8  9 |
---------------+----------------------------+-----
Axes           | 3 4 5 6 8 10 | 10.0
Fighting       | 4 5 6 8 10 | 10.2
Shields        | 3 4 |  4.0
Armour         | |  2.4

Action                   |  1- 3 |  4- 6 |  7- 9 || total
-------------------------+-------+-------+-------++-------
Melee: War axe           |   105 |    64 |   194 ||   363
       Tailslap          |    10 |     5 |    37 ||    52
Invok: Fiery Armour      |       |     1 |     1 ||     2
 Abil: Rolling Charge    |    28 |    10 |    41 ||    79
  Use: Scroll            |       |     3 |     4 ||     7
       Potion            |       |       |     4 ||     4
 Stab: Distracted        |       |       |     1 ||     1
Armor: Scale mail        |    51 |    19 |       ||    70
       Chain mail        |       |    14 |   123 ||   137
Dodge: Dodged            |    38 |    24 |    48 ||   110
Block: Buckler           |    17 |     9 |    60 ||    86

Table legend: (Time is in decaauts)
 A = Elapsed time spent in this place.
 B = Non-inter-level travel time spent in this place.
 C = Inter-level travel time spent in this place.
 D = Time resting spent in this place.
 E = Time spent auto-exploring this place.
 F = Levels seen in this place.
 G = Mean time per level.
                   A        B        C        D        E       F      G
               +--------+--------+--------+--------+--------+-----+--------+
         Total |   8383 |   8148 |    235 |   1745 |   5418 |   8 | 1047.9 |
       Dungeon |   8383 |   8148 |    235 |   1745 |   5418 |   8 | 1047.9 |
               +--------+--------+--------+--------+--------+-----+--------+

Top non-repeatable levels by time:
     D:6: 1844 daAuts
     D:1: 1389 daAuts
     D:5: 1342 daAuts
     D:4: 1299 daAuts
     D:3: 1144 daAuts
     D:7: 737 daAuts
     D:2: 579 daAuts
     D:8: 45 daAuts
